Map: Ley Lines

Players

LiquidElazer (Elazer)

  • Race: Zerg Zerg
  • Spawn Location: 1:00

Remarcable (uThermal) - Winner!

  • Race: Terran Terran
  • League: Master
  • Spawn Location: 7:00

Event: FEL Cracov 2025

VOD

Have the link to the VOD?

Description

Time

  • Played on: July 27, 2025, 7:33 a.m.
  • Length: 14:09

All games in this series

Show
View Real Time Build Order
Export as new Build Order

LiquidElazer Zerg 

Build Orders: Hatch First 

Get SALT Encoding   

  12  0:00  Drone  
  13  0:08  Drone  
  14  0:29  Hatchery  
  14  0:34  Drone  
  14  0:43  Overlord  
  14  0:57  Spawning Pool  
  14  1:01  Drone  
  14  1:05  Drone  
  14  1:09  Drone  
  16  1:15  Drone  
  17  1:23  Drone  
  18  1:33  Drone  
  19  1:43  Queen x2  
  19  1:46  Drone  
  24  1:48  Drone  
  24  1:53  Drone  
  26  1:55  Drone  
  27  2:03  Drone  
  28  2:12  Hatchery  
  27  2:15  Overlord  
  27  2:19  Drone  
  28  2:28  Overlord  
  28  2:35  Drone x3  
  31  2:38  Extractor  
  31  2:41  Drone  
  31  2:47  Drone  
  31  2:49  Drone  
  31  2:51  Drone x3  
  36  2:52  Drone x3  
  36  2:55  Evolution Chamber  
  38  3:00  Drone  
  40  3:07  Roach Warren, Overlord  
  40  3:12  Drone x2  
  41  3:15  Extractor  
  41  3:17  Extractor  
  39  3:22  Drone x4  
  39  3:24  Drone x3  
  41  3:47  Roach x4  
  49  3:54  Overlord  
  49  3:55  Drone x8  
  57  4:05  Queen  
  57  4:09  Drone x3  
  58  4:13  Drone  
  59  4:19  Overlord  
  56  4:25  Drone x4  
  62  4:31  Drone x3  
  62  4:34  Drone x2  
  62  4:35  Drone  
  65  4:39  Drone x2  
  65  4:45  Drone x3  
  70  4:51  Evolution Chamber  
  69  4:54  Roach x2  
  69  4:55  Overlord  
  69  4:58  Lair  
  73  5:03  Drone  
  73  5:05  Overlord  
  74  5:07  Spore Crawler  
  74  5:08  Spore Crawler, Drone  
  74  5:09  Drone  
  74  5:12  Overlord  
  74  5:15  Drone x4  
  74  5:19  Drone x3  
  81  5:29  Overlord, Evolution Chamber  
  81  5:30  Drone x4  
  81  5:32  Extractor  
  81  5:33  Extractor, Zerg Ground Armor Level 1  
  83  5:36  Drone  
  83  5:37  Extractor  
  83  5:40  Overlord  
  83  5:42  Drone x3  
  86  5:43  Drone x3  
  89  5:51  Overlord  
  89  5:53  Zergling x8  
  93  5:58  Spore Crawler x2  
  93  6:02  Spire  
  87  6:05  Overlord  
  87  6:10  Spore Crawler, Overlord  
  85  6:11  Drone x7  
  85  6:17  Spore Crawler  
  89  6:23  Spore Crawler  
  86  6:29  Drone x7  
  84  6:32  Overlord  
  84  6:36  Drone  
  83  6:40  Drone  
  83  6:43  Drone  
  83  6:45  Drone  
  84  6:48  Overlord  
  84  6:51  Glial Reconstitution  
  84  6:54  Overlord  
  84  6:55  Metabolic Boost  
  84  7:00  Extractor  
  83  7:01  Drone  
  83  7:02  Drone x2  
  83  7:03  Drone  
  86  7:09  Overlord  
  86  7:11  Extractor  
  86  7:13  Corruptor x2  
  89  7:17  Queen  
  89  7:18  Corruptor x3  
  89  7:19  Hatchery  
  89  7:21  Corruptor  
  97  7:26  Corruptor  
  97  7:29  Corruptor  
  98  7:33  Corruptor  
  100  7:39  Roach x3  
  100  7:40  Roach  
  106  7:46  Extractor  
  106  7:47  Drone  
  106  7:48  Drone x6  
  108  7:56  Queen, Overlord  
  109  8:00  Drone  
  109  8:01  Drone x3  
  113  8:13  Drone x3  
  113  8:17  Infestation Pit  
  114  8:20  Hatchery  
  114  8:22  Roach x6  
  124  8:31  Roach x5  
  133  8:37  Ravager x5  
  133  8:38  Zergling x6  
  141  8:41  Baneling Nest  
  141  8:42  Zerg Melee Weapons Level 1  
  141  8:44  Burrow  
  140  8:53  Zergling x10  
  145  9:00  Hive  
  145  9:05  Infestor x2  
  145  9:06  Infestor  
  145  9:08  Overlord  
  145  9:09  Zergling x10  
  156  9:19  Zergling x8  
  159  9:25  Overlord x2  
  159  9:26  Zergling x2  
  160  9:36  Drone x7  
  167  9:40  Infestor  
  167  9:42  Zergling x16  
  167  9:59  Roach x8  
  168  10:05  Overlord  
  168  10:07  Zergling x8  
  169  10:20  Zergling x20  
  169  10:27  Roach x3  
  169  10:32  Extractor  
  169  10:33  Roach x5  
  172  10:38  Roach x8  
  177  10:45  Ravager  
  177  10:46  Ravager x8  
  177  10:47  Baneling x8  
  177  10:49  Zergling x2  
  189  10:50  Zergling x4  
  189  10:55  Overlord  
  185  10:59  Centrifugal Hooks  
  185  11:00  Zerg Missile Weapons Level 1  
  185  11:01  Zergling x10  
  188  11:10  Zergling x8, Extractor  
  189  11:11  Overlord x2  
  189  11:19  Drone x3  
  189  11:20  Drone x2  
  189  11:23  Infestor  
  189  11:24  Infestor  
  198  11:27  Hatchery  
  198  11:30  Zergling x2  
  198  11:31  Zergling x4  
  200  11:34  Adrenal Glands  
  189  11:50  Zergling x26  
  189  11:52  Overlord  
  197  12:00  Roach x4  
  182  12:03  Roach x8  
  182  12:05  Overlord x2  
  170  12:24  Zergling x32  
  171  12:36  Roach x5  
  153  12:40  Roach x3  
  143  12:44  Roach  
  143  12:50  Infestor x4  
  153  12:54  Evolution Chamber  
  151  13:00  Drone x7  
  151  13:05  Ravager x2  
  158  13:06  Ravager  
  158  13:11  Hatchery  
  159  13:15  Zergling x18  
  164  13:21  Zergling x10  
  164  13:22  Zergling x2  
  168  13:28  Ravager x9  
  175  13:35  Drone x6  
  175  13:44  Drone x2  
  175  13:45  Drone  
Show
View Real Time Build Order
Export as new Build Order

Remarcable Terran - Winner!

Build Orders: Gas First Reaper Expand, Hellion Opening 

Get SALT Encoding   

  12  0:00  SCV  
  13  0:12  SCV  
  14  0:17  Supply Depot  
  14  0:24  SCV  
  14  0:27  Refinery  
  15  0:38  SCV  
  16  0:43  Barracks  
  16  0:50  SCV  
  17  1:03  SCV  
  18  1:15  SCV  
  19  1:30  Reaper  
  19  1:31  Orbital Command  
  20  1:41  Command Center  
  20  1:52  Factory  
  20  1:57  SCV  
  21  2:05  Barracks Reactor  
  21  2:07  Supply Depot  
  21  2:10  SCV  
  22  2:16  Refinery  
  22  2:22  SCV  
  23  2:34  SCV  
  24  2:41  Starport  
  24  2:45  Hellion x2  
  24  2:46  SCV  
  29  2:55  Orbital Command  
  29  3:04  SCV  
  30  3:06  Hellion  
  30  3:09  Hellion  
  34  3:17  Medivac  
  34  3:18  SCV  
  37  3:20  SCV  
  38  3:28  Hellion  
  38  3:30  Hellion  
  38  3:33  SCV  
  43  3:35  SCV  
  42  3:43  Fusion Core  
  42  3:45  SCV  
  42  3:47  SCV  
  44  3:54  Supply Depot  
  44  3:55  Supply Depot, Starport Tech Lab  
  44  3:58  SCV  
  44  4:02  SCV  
  46  4:11  SCV  
  46  4:15  SCV  
  46  4:16  Hellion x2  
  51  4:24  SCV  
  50  4:26  Supply Depot  
  50  4:28  SCV  
  45  4:32  Battlecruiser  
  45  4:35  Barracks Tech Lab  
  45  4:36  SCV  
  45  4:38  Widow Mine  
  52  4:40  SCV  
  52  4:41  Widow Mine  
  55  4:48  SCV, Supply Depot  
  55  4:52  SCV  
  57  5:00  SCV  
  57  5:02  Command Center  
  58  5:08  SCV  
  58  5:11  Refinery x2  
  59  5:15  Cyclone  
  59  5:16  SCV  
  59  5:20  Factory  
  63  5:22  Barracks Tech Lab  
  63  5:32  SCV  
  64  5:40  Engineering Bay  
  64  5:42  SCV  
  65  5:45  SCV  
  65  5:46  Command Center  
  65  5:49  Supply Depot  
  66  5:54  SCV  
  68  5:57  SCV  
  68  6:01  Battlecruiser  
  74  6:06  SCV  
  74  6:09  SCV  
  76  6:11  Cyclone  
  76  6:18  SCV, Cyclone  
  80  6:21  SCV  
  84  6:30  SCV  
  85  6:33  SCV  
  80  6:40  Factory  
  80  6:41  Orbital Command  
  80  6:42  SCV  
  80  6:44  Factory  
  80  6:45  SCV  
  85  6:47  Cyclone  
  85  6:54  SCV  
  85  6:57  Cyclone, SCV, Refinery  
  90  7:02  Refinery  
  90  7:06  SCV  
  90  7:08  SCV  
  92  7:09  SCV  
  93  7:18  SCV  
  93  7:20  SCV, Supply Depot, Mag-Field Accelerator  
  93  7:21  Cyclone, SCV  
  93  7:22  Supply Depot  
  99  7:29  Cyclone  
  102  7:31  SCV  
  102  7:32  SCV, Hellion x2  
  102  7:33  SCV  
  109  7:37  Factory Tech Lab  
  109  7:40  Missile Turret  
  109  7:41  Missile Turret  
  109  7:43  SCV  
  110  7:44  Missile Turret, SCV  
  110  7:46  SCV  
  112  7:53  Cyclone  
  112  7:55  SCV  
  112  7:56  Armory, SCV, Factory  
  112  7:58  SCV  
  118  8:00  Hellion x2  
  118  8:01  Cyclone  
  118  8:04  Planetary Fortress  
  125  8:10  SCV  
  126  8:12  Missile Turret  
  126  8:13  Cyclone, Missile Turret  
  129  8:22  SCV  
  129  8:23  SCV  
  129  8:25  Cyclone  
  130  8:27  SCV  
  130  8:29  Supply Depot  
  130  8:32  Supply Depot x2  
  130  8:33  Supply Depot  
  130  8:34  SCV  
  132  8:39  Missile Turret  
  132  8:40  Missile Turret  
  132  8:42  Factory Tech Lab, Supply Depot  
  132  8:43  Infernal Pre-Igniter  
  132  8:51  SCV x3, Cyclone, Hellion  
  132  8:53  Cyclone, Hellion  
  145  8:59  Cyclone  
  145  9:01  Missile Turret  
  148  9:03  SCV x3  
  148  9:04  Supply Depot  
  148  9:05  Terran Vehicle And Ship Armor Level 1  
  148  9:08  Cyclone  
  154  9:19  Factory  
  154  9:20  Factory  
  154  9:21  Factory  
  154  9:22  Command Center  
  154  9:23  Hellion x2  
  158  9:26  SCV  
  158  9:28  Cyclone  
  158  9:30  Cyclone  
  165  9:31  Starport Reactor  
  165  9:34  SCV  
  166  9:40  Cyclone  
  166  9:44  Cyclone  
  172  9:51  Hellion  
  170  9:56  SCV  
  170  9:57  SCV  
  158  10:00  Cyclone  
  158  10:03  SCV  
  158  10:05  Command Center  
  162  10:09  Factory Tech Lab x3, Command Center  
  162  10:10  Siege Tank  
  162  10:11  Hellion  
  162  10:12  Siege Tank  
  156  10:30  Siege Tank x2  
  156  10:31  Siege Tank  
  156  10:32  Missile Turret  
  162  10:36  Missile Turret  
  162  10:39  Siege Tank  
  162  10:41  Orbital Command  
  165  10:45  Missile Turret  
  165  10:47  Command Center  
  165  10:48  Unknown  
  165  10:50  SCV x2  
  165  10:52  SCV  
  168  10:59  Siege Tank x2, Hellion x2  
  168  11:02  SCV x2  
  180  11:05  Siege Tank  
  183  11:13  Supply Depot, SCV  
  183  11:14  Supply Depot  
  183  11:16  Siege Tank  
  187  11:22  Siege Tank  
  193  11:25  Siege Tank  
  193  11:30  Siege Tank  
  196  11:33  SCV, Missile Turret  
  196  11:36  Missile Turret, Siege Tank  
  200  11:41  Refinery x2  
  200  11:49  Siege Tank  
  200  11:50  Siege Tank  
  200  11:57  Siege Tank  
  200  12:01  Siege Tank, Hellion  
  196  12:03  Hellion  
  196  12:05  Hellion  
  200  12:15  Siege Tank, Hellion  
  196  12:21  Siege Tank  
  199  12:29  Siege Tank, Hellion  
  193  12:35  Siege Tank, Hellion  
  193  12:36  Siege Tank, Hellion  
  190  12:37  Hellion  
  181  12:46  Planetary Fortress  
  181  12:47  Siege Tank  
  181  12:51  Hellion  
  186  12:53  Siege Tank  
  186  12:57  Hellion  
  186  12:58  Hellion, Command Center, Siege Tank  
  190  13:01  Command Center x2, Hellion  
  190  13:02  Viking x2  
  190  13:07  Hellion  
  190  13:08  Hellion, SCV  
  190  13:09  SCV, Missile Turret  
  196  13:17  SCV  
  196  13:19  Siege Tank  
  200  13:23  Planetary Fortress, Missile Turret  
  200  13:24  Missile Turret  
  200  13:25  SCV  
  195  13:29  Siege Tank, Hellion  
  200  13:38  Hellion  
  200  13:40  Orbital Command  
  200  13:41  Hellion  
  200  13:46  Hellion  
  190  13:53  Missile Turret  
  190  13:55  Missile Turret  
Tags
 
Add a new tag
Caveats
  • Supply blocks, unpowered buildings, or Contaminate may cause inaccurate times.
  • Supply counts are checked every 10 seconds.